 Dungeon Crawl Stone Soup version 0.21.1-1-g345015f (webtiles) character file.

86 Aston the Sneak (level 4, -4/23 HPs)
             Began as a Vine Stalker Assassin on July 19, 2018.
             Was a Follower of Kikubaaqudgha.
             Slain by smiqu's ghost (6 damage)
             ... on level 4 of the Dungeon.
             The game lasted 00:13:35 (2711 turns).

Aston the Sneak (Vine Stalker Assassin)             Turns: 2711, Time: 00:13:35

Health: -4/23      AC:  4    Str: 14    XL:     4   Next: 50%
Magic:  0/5        EV: 11    Int: 11    God:    Kikubaaqudgha [*.....]
Gold:   182        SH:  0    Dex: 16    Spells: 2/3 levels left

rFire    . . .     SeeInvis .   a - +2 dagger
rCold    . . .     Gourm    .   (no shield)
rNeg     . . .     Faith    .   k - +0 leather armour
rPois    .         Spirit   +   (no helmet)
rElec    .         Reflect  .   d - +0 cloak
rCorr    .         Harm     .   (no gloves)
MR       .....                  (no boots)
Stlth    +++.......             (no amulet)
HPRegen  0.47/turn              (no ring)
MPRegen  0.09/turn              (no ring)

@: very slightly contaminated
A: fangs 2, regeneration 1, magic shield, antimagic bite, no potion heal 3, rot
immunity
a: Receive Corpses, Renounce Religion


You were on level 4 of the Dungeon.
You worshipped Kikubaaqudgha.
Kikubaaqudgha was aware of your devotion.
You were not hungry.

You visited 1 branch of the dungeon, and saw 4 of its levels.

You collected 182 gold pieces.

Inventory:

Hand Weapons
 a - a +2 dagger (weapon)
 b - a +0 blowgun
 q - a +0 short sword
 v - a +2 mace of draining
Missiles
 e - 8 poisoned needles
 f - 2 curare-tipped needles
Armour
 c - a +0 robe
 d - a +0 cloak (worn)
 k - a +0 leather armour (worn)
 n - a cursed +0 leather armour
 w - a +0 animal skin
 x - a +0 helmet
Magical Staves
 t - an uncursed staff of summoning {unknown}
Jewellery
 m - an uncursed ring of ice {unknown}
Wands
 A - a wand of paralysis (11)
Scrolls
 h - 5 scrolls of remove curse {unknown}
 i - 6 scrolls of identify {unknown}
 j - a scroll of enchant armour {unknown}
 o - 3 scrolls of teleportation {unknown}
 r - a scroll of magic mapping {unknown}
 y - a scroll of fog {unknown}
 z - a scroll of random uselessness {unknown}
 B - 2 scrolls of amnesia {unknown}
Potions
 l - a potion of agility {unknown}
 p - a potion of magic {unknown}
 s - a potion of haste {unknown}
 u - a potion of invisibility {unknown}
Books
 C - Kikubaaqudgha's Disquisition on Necromancy
   (Kikubaaqudgha gifted it to you on level 3 of the Dungeon)

   Spells                             Type                      Level
   a - Animate Skeleton               Necromancy                   1
   b - Pain                           Necromancy                   1
   c - Sublimation of Blood           Necromancy                   2
   d - Regeneration                   Charms/Necromancy            3
Comestibles
 g - 6 rations
 D - 6 chunks of flesh


   Skills:
 - Level 1.7 Fighting
 + Level 4.1 Short Blades
 - Level 1.7 Throwing
 - Level 0.7 Dodging
 - Level 4.9 Stealth


You had 2 spell levels left.
You knew the following spells:

 Your Spells              Type           Power        Failure   Level  Hunger
a - Animate Skeleton      Necr           N/A          41%         1    ##.....


Dungeon Overview and Level Annotations

Branches:
Dungeon (4/15)
 Temple: D:4-7

Altars:
Ashenzari
Hepliaklqana
Kikubaaqudgha
Qazlal
Trog
Uskayaw
The Shining One

Annotations:
D:4 smiqu's ghost, weakling GnWn


Innate Abilities, Weirdness & Mutations

You have extremely sharp teeth.
Your natural rate of healing is unusually fast.
When hurt, damage is shared between your health and your magic reserves.
Your bite disrupts and absorbs the magic of your enemies.
Potions cannot restore your health.
You are immune to rotting.


Message History

An orc comes into view. It is wielding a dagger.
Smiqu's ghost screams, "Don't try to defend!
You have no chance!"
Smiqu's ghost completely misses you.
The orc priest looks braver for a moment.
Things that are here:
a club; a leather armour You hit the orc priest.
The orc priest is lightly wounded.
The orc wizard gestures at you while chanting.
The puff of frost hits you! Smiqu's ghost misses you.
The orc priest mumbles some strange prayers to Beogh against you.
Beogh smites you!
* * * LOW HITPOINT WARNING * * *
Your orc skeleton barely misses the orc priest.
You hit the orc priest. Your bite misses the orc priest.
The orc priest is heavily wounded.
The orc wizard gestures at you while chanting.
The puff of flame misses you. Smiqu's ghost hits you.
You die...
Kikubaaqudgha rasps: "You have failed me!
Welcome... death!"

#................
######.Z.............
.....)#########....#
......)....#..#....#
......#....#..#....#
......#..Z.#..'....#
......#...Z#..#....#
......#....'Z.#....#
......######.##.@Z.#
'##......# ###.ooW##
. #......# #..o.#
+o.....# +....#
###......# #....#
#....##### .....o..
#....# #.........
#..<.# #...........
#....# #...........


You could see an orc priest, an orc wizard, smiqu's ghost, 2 orcs and a friendly
orc skeleton.

Vanquished Creatures
  Robin (D:3)
  An adder (D:3)
  An ooze (D:1)
  A worm (D:4)
  2 dart slugs (D:2)
  8 orcs
  15 goblins
  3 hobgoblins
  A quokka (D:2)
  5 bats
  4 frilled lizards (D:1)
  3 rats
45 creatures vanquished.

Notes
Turn   | Place    | Note
-------+----------+-------------------------------------------
     0 | D:1      | Aston the Vine Stalker Assassin began the quest for the Orb.
     0 | D:1      | Reached XP level 1. HP: 11/11 MP: 2/2
   280 | D:1      | Reached XP level 2. HP: 11/15 MP: 3/3
  1089 | D:2      | Found a stormy altar of Qazlal.
  1616 | D:2      | Reached XP level 3. HP: 18/18 MP: 4/4
  1719 | D:3      | Found a hazy altar of Hepliaklqana.
  1893 | D:3      | Found a hide-covered altar of Uskayaw.
  2000 | D:3      | Gained mutation: Your natural rate of healing is unusually fast. [Vine Stalker growth]
  2000 | D:3      | Reached XP level 4. HP: 23/23 MP: 5/5
  2037 | D:3      | Noticed Robin
  2050 | D:3      | Killed Robin
  2074 | D:3      | Found an ancient bone altar of Kikubaaqudgha.
  2106 | D:3      | Found a faded altar of an unknown god.
  2155 | D:3      | Found a shattered altar of Ashenzari.
  2163 | D:3      | Found a glowing golden altar of the Shining One.
  2268 | D:3      | Found a bloodstained altar of Trog.
  2509 | D:3      | Became a worshipper of Kikubaaqudgha
  2509 | D:3      | Reached * piety under Kikubaaqudgha
  2509 | D:3      | Identified Kikubaaqudgha's Disquisition on Necromancy (Kikubaaqudgha gifted it to you on level 3 of the Dungeon)
  2509 | D:3      | Received a gift from Kikubaaqudgha
  2517 | D:3      | Learned a level 1 spell: Animate Skeleton
  2699 | D:4      | Noticed smiqu's ghost (weakling GnWn)
  2711 | D:4      | Slain by smiqu's ghost

Skill      XL: |  1  2  3  4 |
---------------+-------------+-----
Short Blades   | 2 3 4 |  4.1
Fighting       | |  1.7
Throwing       | |  1.7
Dodging        | |  0.7
Stealth        | |  4.9

Action                   |  1- 3 |  4- 6 || total
-------------------------+-------+-------++-------
Melee: Dagger            |    81 |    59 ||   140
       Bite              |    16 |    18 ||    34
 Cast: Animate Skeleton  |       |     2 ||     2
 Stab: Sleeping          |     8 |       ||     8
  Eat: Ration            |     1 |     1 ||     2
       Chunk             |     1 |       ||     1
Armor: Leather armour    |    15 |     5 ||    20
Dodge: Dodged            |    38 |    23 ||    61
